 Dungeon Crawl Stone Soup version 0.31-a0-640-g39d97e502b (webtiles) character file.

Game seed: 930134084005640961

1719 MackTheKnife the Thaumaturge (level 8, 0/41 HPs)
             Began as a Deep Elf Wanderer on Aug 27, 2023.
             Was a Follower of Vehumet.
             Shot with a bolt by an orc warrior (8 damage)
             ... in a bailey.
             The game lasted 00:13:41 (6451 turns).

MackTheKnife the Thaumaturge (Deep Elf Wanderer)    Turns: 6451, Time: 00:13:42

Health: 0/41       AC:  9    Str: 11    XL:     8   Next: 75%
Magic:  18/24      EV: 12    Int: 20    God:    Vehumet [*.....]
Gold:   213        SH:  0    Dex: 17    Spells: 19/28 levels left

rFire   . . .        o - +7 spear "Esoadgh" {spect, Fly rPois Str+5 Stlth+, polearm}
rCold   . . .        (no shield)
rNeg    . . .        c - +0 robe
rPois   +            r - +2 helmet
rElec   .            d - +0 cloak
rCorr   .            h - +0 pair of gloves
SInv    .            w - +1 pair of boots
Will    .....        (no amulet)
Stlth   ++++         (no ring)
HPRegen 0.26/turn    (no ring)
MPRegen 0.19/turn

%: no passive effects
@: freezing walls, flying
A: no striking features
a: Renounce Religion


You were in a bailey.
You worshipped Vehumet.
Vehumet was aware of your devotion.
You visited 1 branch of the dungeon, and saw 7 of its levels.
You also visited: Bailey.

You collected 549 gold pieces.
You spent 336 gold pieces at shops.


   Skills:
 - Level 1.2 Dodging
 - Level 4.0 Stealth
 + Level 10.7 Spellcasting
 - Level 6.2 Summonings
 - Level 7.3 Ice Magic


You had 19 spell levels left.
You knew the following spells:

 Your Spells              Type           Power      Damage    Failure   Level
a - Freeze                Ice            100%       1d10      1%          1
b - Summon Small Mammal   Summ           100%       N/A       1%          1
c - Frozen Ramparts       Ice            80%        1d13      1%          3
d - Summon Ice Beast      Ice/Summ       37%        N/A       4%          4

Your spell library contained the following spells:

 Spells                   Type           Power      Damage    Failure   Level
 Kiss of Death            Conj/Necr      40%        2d8       6%          1
 Summon Guardian Golem    Hex/Summ       23%        N/A       5%          3
 Portal Projectile        Hex/Tloc       20%        N/A       19%         3
 Tukima's Dance           Hex            10%        N/A       19%         3
 Iskenderun's Mystic Bla  Conj/Tloc      10%        2d4       54%         4
 Passage of Golubria      Tloc           10%        N/A       54%         4
 Silence                  Hex/Air        5%         N/A       87%         5
 Lehudib's Crystal Spear  Conj/Erth      5%         10d3      100%        8

Inventory:

Hand Weapons
 o - the +7 spear "Esoadgh" (weapon) {spect, Fly rPois Str+5 Stlth+, polearm}
   (You found it on level 4 of the Dungeon)

   Str+5:     It affects your strength (+5).
   rPois:     It protects you from poison Fly: It grants you flight.
   Stlth+:    It makes you more stealthy.
Armour
 c - a +0 robe (worn)
 d - a +0 cloak (worn)
 h - a +0 pair of gloves (worn)
   (You found it on level 1 of the Dungeon)
 r - a +2 helmet (worn)
   (You took it off Robin on level 3 of the Dungeon)
 w - a +1 pair of boots (worn)
   (You found it on level 5 of the Dungeon)
Wands
 x - a wand of polymorph (9)
   (You found it on level 5 of the Dungeon)
 y - a wand of roots (11)
   (You found it on level 6 of the Dungeon)
Scrolls
 b - 2 scrolls of fear
 f - 2 scrolls of teleportation {@r4}
 g - 2 scrolls of vulnerability {unknown}
 k - 2 scrolls of blinking {!r}
 n - 2 scrolls of silence {!r}
 v - a scroll of immolation {!r!r}
Potions
 a - a potion of mutation {unknown}
 e - a potion of brilliance {unknown}
 i - 3 potions of heal wounds {unknown}
 j - 2 potions of attraction {!q}
 l - a potion of lignification {unknown}
 m - 2 potions of curing {@q1}
 p - 2 potions of enlightenment
 q - a potion of haste {unknown}
 s - a potion of cancellation {unknown}
 t - a potion of degeneration {unknown}
 u - a potion of berserk rage {unknown}

Dungeon Overview and Level Annotations

Branches:
Dungeon (7/15) Zot: 26776  Temple (0/1) D:5          Bailey (1/1) Zot: 5955

Altars:
Fedhas
Kikubaaqudgha
Ru
Uskayaw
Vehumet

Shops:
D:5 ?

Annotations:
D:5 4 runed translucent doors, exclusion: 2 lemures, Crazy Yiuf; Pikel; t4s4d4r's ghost, novice OpSh

#............#
#............#
#............#
#............##
#.............#
#.............##
#.......(......##
#......@Y.≈≈≈...###
#.....≈≈#o##≈......
#.....≈##.∩#≈......
#.....≈#....)......
#.....≈##.##≈......
#.....≈≈###≈≈......
#......≈≈≈≈≈.......
#..........o.......
#..................


You could see an orc warrior (ally target), a friendly ice beast (summoned) and
a friendly +7 spear "Esoadgh" {spect, Fly rPois Str+5 Stlth+, polearm}.


Message History

Reach: o) +7 spear "Esoadgh" {spect, Fly rPois Str+5 Stlth+, polearm}
Press: ? - help, Dir - move target, f - orc
Aim: an orc, wielding a +0 arbalest and wearing a +0 scale mail (about 28% to evade the +7 spear "Esoadgh")
You reach to attack!
You hit the orc.
Your +7 spear "Esoadgh" {spect, Fly rPois Str+5 Stlth+, polearm} barely misses the orc. 😮 MP[+1]
Your +7 spear "Esoadgh" {spect, Fly rPois Str+5 Stlth+, polearm} disappears.
The orc unwields a +0 arbalest.
The orc closely misses you. 😮 HP[+1]
You barely miss the orc.
Your +7 spear "Esoadgh" {spect, Fly rPois Str+5 Stlth+, polearm} hits the orc.
The orc completely misses you.
You hit the orc but do no damage.
Your +7 spear "Esoadgh" {spect, Fly rPois Str+5 Stlth+, polearm} hits the orc but does no damage.
The orc misses you.
You hit the orc.
You kill the orc!
Vehumet accepts your kill.
Your +7 spear "Esoadgh" {spect, Fly rPois Str+5 Stlth+, polearm} disappears. 😮 MP[+1]
You swap places. 😮 HP[+1]
Casting: Summon Ice Beast (dangerous; 4% risk of failure)
Confirm with . or Enter, or press ? or * to list all spells.
You miscast Summon Ice Beast.
You are very lightly contaminated with residual magic.
Nothing appears to happen. 😮 MP[-4]
You lost 4 mp, and now have 18/24 mp.
Unknown command.
Something hits your ice beast. 😮 HP[+1]
Your ice beast hits the orc warrior but does no damage. 😮 MP[+1] Unknown command.
Casting: Summon Ice Beast (dangerous; 4% risk of failure)
Confirm with . or Enter, or press ? or * to list all spells.
Casting: Frozen Ramparts (safe; 1% risk of failure)
Press: ? - help, Dir - look around, f - activate Some deep water.
The walls around you are covered in ice.
The wall freezes the orc warrior.
The orc warrior wields a +0 arbalest.
The orc warrior shoots a bolt.
The bolt closely misses your ice beast. The bolt hits you!
* * * LOW HITPOINT WARNING * * *
Your ice beast completely misses the orc warrior. 😨 HP[-9] MP[-3]
You take 9 damage, and now have 17/41 hp.
MASSIVE DAMAGE!! (PAUSE)
You lost 3 mp, and now have 16/24 mp.
Reach: o) +7 spear "Esoadgh" {spect, Fly rPois Str+5 Stlth+, polearm}
Press: ? - help, Dir - move target, f - orc warrior
Aim: an orc warrior, wielding a +0 arbalest and wearing a +0 ring mail (severely wounded, ally target, about 37% to evade the +7 spear "Esoadgh")
You reach to attack!
You puncture the orc warrior!
Your +7 spear "Esoadgh" {spect, Fly rPois Str+5 Stlth+, polearm} hits the orc warrior from afar.
You kill the orc warrior!
Vehumet accepts your kill.
You feel your power returning.
Your ice beast barely misses the orc warrior.
The wall freezes the orc warrior.
The orc warrior unwields a +0 arbalest.
The orc warrior barely misses your ice beast.
Your magical contamination has completely faded away. 😨 HP[+1] MP[+1] Reach: o) +7 spear "Esoadgh" {spect, Fly rPois Str+5 Stlth+, polearm}
Press: ? - help, Dir - move target, f - orc warrior
Aim: an orc warrior, wearing a +0 scale mail (lightly wounded, ally target, about 37% to evade the +7 spear "Esoadgh")
You reach to attack!
You hit the orc warrior.
Your +7 spear "Esoadgh" {spect, Fly rPois Str+5 Stlth+, polearm} hits the orc warrior but does no damage.
Your ice beast hits the orc warrior but does no damage.
Reach: o) +7 spear "Esoadgh" {spect, Fly rPois Str+5 Stlth+, polearm}
Press: ? - help, Dir - move target, f/p - orc warrior
Aim: an orc warrior, wearing a +0 scale mail (moderately wounded, ally target, about 37% to evade the +7 spear "Esoadgh")
You reach to attack!
You barely miss the orc warrior.
Your +7 spear "Esoadgh" {spect, Fly rPois Str+5 Stlth+, polearm} hits the orc warrior from afar.
The wall freezes the orc warrior.
The orc warrior wields a +0 arbalest.
The orc warrior shoots a bolt.
The bolt barely misses your ice beast. The bolt barely misses you.
Your ice beast barely misses the orc warrior.
Reach: o) +7 spear "Esoadgh" {spect, Fly rPois Str+5 Stlth+, polearm}
Press: ? - help, Dir - move target, f/p - orc warrior
Aim: an orc warrior, wielding a +0 arbalest and wearing a +0 scale mail (heavily wounded, ally target, about 37% to evade the +7 spear "Esoadgh")
You could not reach far enough!
Your +7 spear "Esoadgh" {spect, Fly rPois Str+5 Stlth+, polearm} disappears.
The wall freezes the orc warrior but does no damage.
The orc warrior shoots a bolt.
The bolt closely misses your ice beast. The bolt barely misses you.
Your ice beast hits the orc warrior but does no damage. 😨 MP[+1] Reach: o) +7 spear "Esoadgh" {spect, Fly rPois Str+5 Stlth+, polearm}
Press: ? - help, Dir - move target, f/p - orc warrior
Aim: an orc warrior, wielding a +0 arbalest and wearing a +0 scale mail (heavily wounded, ally target, about 37% to evade the +7 spear "Esoadgh")
You reach to attack!
You barely miss the orc warrior.
Your +7 spear "Esoadgh" {spect, Fly rPois Str+5 Stlth+, polearm} misses the orc warrior.
The wall freezes the orc warrior!
The orc warrior shoots a bolt.
The bolt barely misses your ice beast. The bolt hits you!
* * * LOW HITPOINT WARNING * * *
Your ice beast hits the orc warrior but does no damage.
The wall freezes the orc warrior.
The orc warrior shoots a bolt.
The bolt barely misses your ice beast. The bolt hits you!
You die...

Skill      XL: |  1  2  3  4  5  6  7  8 |
---------------+-------------------------+-----
Stealth        | 2 3 4 |  4.0
Spellcasting   | 5 6 7 8 10 | 10.7
Ice Magic      | 4 5 6 7 |  7.3
Summonings     | 4 5 6 |  6.2
Dodging        | |  1.2

Action                     |  1- 3 |  4- 6 |  7- 9 || total
---------------------------+-------+-------+-------++-------
  Melee: Dagger            |     3 |       |       ||     3
         Short sword       |    13 |       |       ||    13
         Whip              |     4 |    20 |       ||    24
         Spear             |       |     6 |   104 ||   110
         Punch             |       |     1 |       ||     1
   Cast: Freeze            |    48 |    38 |     1 ||    87
         Summon Small Mamm |    12 |     3 |       ||    15
         Frozen Ramparts   |     1 |    17 |    17 ||    35
         Summon Ice Beast  |       |       |     1 ||     1
    Use: Scroll            |       |     7 |     4 ||    11
   Stab: Sleeping          |       |     1 |     9 ||    10
         Distracted        |       |       |     1 ||     1
 Armour: Robe              |    21 |    11 |     7 ||    39
  Dodge: Dodged            |    38 |    30 |    26 ||    94

Levels and vault maps discovered:
D:1:      ncdulo_lavacross, layout_loops_cross
D:2:      layout_loops_corners, basic_altar, guppyfry_early_orc_mine
D:3:      layout_loops_ring, amcnicky_altar_gilded, minmay_snake_closets,
          uniq_robin
D:4:      layout_basic, vehumet_crystals, nicolae_uskayaw_suspiria
D:5:      layout_basic, lemuel_tele_altar, tgw_kikubaaqudgha, temple_statues,
          gammafunk_ghost_nasty_kobolds, serial_shops,
          nicolae_shop_just_a_little_nook, uniq_pikel, uniq_crazy_yiuf_cottage
D:6:      layout_rooms
D:7:      layout_basic, okawaru_humans, enter_bailey_4
Bailey:   bailey_polearm_2, bailey

Notes
Turn   | Place    | Note
-------+----------+-------------------------------------------
     0 | D:1      | MackTheKnife the Deep Elf Wanderer began the quest for the
                  | Orb.
     0 | D:1      | MackTheKnife set off with the following items: a +0 dagger
                  | {short}, a scroll of fear, a +0 robe, a +0 cloak; and the
                  | following spells available to memorise: Freeze, Summon
                  | Small Mammal, Frozen Ramparts, Summon Guardian Golem,
                  | Summon Ice Beast.
     0 | D:1      | Reached XP level 1. HP: 10/10 MP: 7/7
     0 | D:1      | magus.rc [v1.9.6]
    18 | D:1      | Learned a level 1 spell: Freeze
    26 | D:1      | Learned a level 1 spell: Summon Small Mammal
    51 | D:1      | Reached skill level 1 in Stealth
   207 | D:1      | Reached skill level 2 in Stealth
   333 | D:1      | Reached XP level 2. HP: 11/15 MP: 5/9
   347 | D:1      | You fall into a shaft and drop 1 floor!
   347 | D:2      | Found a blossoming altar of Fedhas.
   680 | D:1      | Reached skill level 3 in Stealth
  1022 | D:2      | Reached XP level 3. HP: 19/19 MP: 7/10
  1229 | D:2      | Reached skill level 4 in Stealth
  1646 | D:2      | Learned a level 3 spell: Frozen Ramparts
  1834 | D:3      | Found a sacrificial altar of Ru.
  1924 | D:3      | Reached skill level 5 in Spellcasting
  1924 | D:3      | Reached XP level 4. HP: 21/24 MP: 8/13
  1968 | D:3      | Learned a level 4 spell: Summon Ice Beast
  2029 | D:3      | Reached skill level 4 in Ice Magic
  2374 | D:3      | Reached XP level 5. HP: 28/28 MP: 10/15
  2474 | D:3      | Reached skill level 6 in Spellcasting
  2575 | D:3      | You pick up a book of the Moon and begin reading...
  2575 | D:3      | You add the spells Passage of Golubria, Silence and
                  | Lehudib's Crystal Spear to your library.
  2674 | D:3      | Reached skill level 5 in Ice Magic
  2677 | D:3      | Noticed Robin
  2738 | D:3      | Killed Robin
  3064 | D:3      | Reached XP level 6. HP: 31/32 MP: 13/17
  3689 | D:4      | Found a radiant altar of Vehumet.
  3691 | D:4      | Identified the +7 spear "Esoadgh" {spect, Fly rPois Str+5
                  | Stlth+}
  4073 | D:4      | Reached skill level 7 in Spellcasting
  4073 | D:4      | Reached skill level 4 in Summonings
  4073 | D:4      | Reached XP level 7. HP: 36/36 MP: 14/19
  4177 | D:4      | Found a hide-covered altar of Uskayaw.
  4406 | D:4      | Became a worshipper of Vehumet
  4831 | D:4      | Reached skill level 6 in Ice Magic
  4853 | D:5      | Entered Level 5 of the Dungeon
  5069 | D:5      | Reached skill level 8 in Spellcasting
  5069 | D:5      | Reached skill level 5 in Summonings
  5116 | D:5      | You pick up a book of Weapons and begin reading...
  5116 | D:5      | You add the spells Tukima's Dance, Portal Projectile and
                  | Iskenderun's Mystic Blast to your library.
  5154 | D:5      | Found a staircase to the Ecumenical Temple.
  5179 | D:5      | Found a runed translucent gate.
  5182 | D:5      | Found a runed translucent gate.
  5182 | D:5      | Noticed t4s4d4r's ghost (novice OpSh)
  5183 | D:5      | Found a runed translucent gate.
  5461 | D:5      | Found an ancient bone altar of Kikubaaqudgha.
  5462 | D:5      | Noticed a human
  5465 | D:5      | Killed a human
  5493 | D:5      | Found a blossoming altar of Fedhas.
  5496 | D:5      | Found Joesta's Magic Scroll Shoppe.
  5505 | D:5      | Reached XP level 8. HP: 41/41 MP: 22/22
  5525 | D:5      | Bought a scroll of identify for 28 gold pieces
  5525 | D:5      | Bought a scroll of identify for 28 gold pieces
  5525 | D:5      | Bought a scroll of identify for 28 gold pieces
  5529 | D:5      | Bought a scroll of blinking for 105 gold pieces
  5529 | D:5      | Bought a scroll of blinking for 105 gold pieces
  5529 | D:5      | Bought a scroll of teleportation for 42 gold pieces
  5608 | D:5      | Noticed Pikel
  5745 | D:5      | Found a runed translucent door.
  5746 | D:5      | Noticed Crazy Yiuf
  6233 | D:7      | Reached skill level 7 in Ice Magic
  6333 | D:7      | Reached skill level 6 in Summonings
  6339 | D:7      | Reached * piety under Vehumet
  6339 | D:7      | Offered knowledge of Kiss of Death by Vehumet.
  6340 | D:7      | Reached skill level 9 in Spellcasting
  6403 | D:7      | Found a flagged portal.
  6409 | Bailey   | Entered a bailey
  6425 | Bailey   | Reached skill level 10 in Spellcasting
  6451 | Bailey   | HP: 8/41 [orc warrior/bolt (11)]
  6451 | Bailey   | Shot with a bolt by an orc warrior

Vanquished Creatures
  A sky beast (D:7)
  3 orc warriors
  2 ogres (D:4)
  3 phantoms
  2 scorpions (D:5)
  A bullfrog (D:7)
  A howler monkey (D:6)
  3 hounds
  A jelly (D:7)
  2 orc priests
  A sleepcap (D:5)
  3 iguanas
  6 orc wizards
  Robin (D:3)
  12 adders
  3 gnolls (D:3)
  An ufetubus (D:5)
  A worm (D:4)
  2 dart slugs
  36 orcs
  7 ball pythons
  4 endoplasms
  16 goblins
  10 hobgoblins
  2 jackals (D:2)
  4 quokkas
  6 bats
  5 frilled lizards
  2 kobolds
  4 rats
145 creatures vanquished.

Vanquished Creatures (collateral kills)
  An endoplasm (D:1)
  A ball python (D:1)
  A kobold (D:1)
3 creatures vanquished.

Vanquished Creatures (others)
  A human (D:5)
1 creature vanquished.

Grand Total: 149 creatures vanquished

Table legend:
 A = Non-vault XP
 B = Vault XP
 C = Vault XP percentage of total XP
 D = Non-vault monster count
 E = Vault monster count
 F = Vault count percentage of total count
                 A         B        C        D         E       F
            +---------+---------+-------+---------+---------+-------
      Total |    2047 |     409 |  16.7 |     113 |      35 |  23.6
            +---------+---------+-------+---------+---------+-------
        D:1 |      27 |       0 |   0.0 |      15 |       0 |   0.0
        D:2 |      41 |      16 |  28.1 |      18 |       7 |  28.0
        D:3 |     192 |     117 |  37.9 |      28 |      19 |  40.4
        D:4 |     552 |       0 |   0.0 |      21 |       0 |   0.0
        D:5 |     510 |       0 |   0.0 |      16 |       0 |   0.0
        D:6 |      81 |       0 |   0.0 |       6 |       0 |   0.0
        D:7 |     644 |      12 |   1.8 |       9 |       5 |  35.7
     Bailey |       0 |     264 | 100.0 |       0 |       4 | 100.0
            +---------+---------+-------+---------+---------+-------

Skill      XL: |  1  2  3  4  5  6  7  8 |
---------------+-------------------------+-----
Stealth        | 2 3 4 |  4.0
Spellcasting   | 5 6 7 8 10 | 10.7
Ice Magic      | 4 5 6 7 |  7.3
Summonings     | 4 5 6 |  6.2
Dodging        | |  1.2

Action                     |  1- 3 |  4- 6 |  7- 9 || total
---------------------------+-------+-------+-------++-------
  Melee: Dagger            |     3 |       |       ||     3
         Short sword       |    13 |       |       ||    13
         Whip              |     4 |    20 |       ||    24
         Spear             |       |     6 |   104 ||   110
         Punch             |       |     1 |       ||     1
   Cast: Freeze            |    48 |    38 |     1 ||    87
         Summon Small Mamm |    12 |     3 |       ||    15
         Frozen Ramparts   |     1 |    17 |    17 ||    35
         Summon Ice Beast  |       |       |     1 ||     1
    Use: Scroll            |       |     7 |     4 ||    11
   Stab: Sleeping          |       |     1 |     9 ||    10
         Distracted        |       |       |     1 ||     1
 Armour: Robe              |    21 |    11 |     7 ||    39
  Dodge: Dodged            |    38 |    30 |    26 ||    94

Illustrated notes

Table legend:
 A = Kills in this place as a percentage of kills in the entire game.
 B = Kills by you in this place as a percentage of kills by you in the entire game.
 C = Kills by friends in this place as a percentage of kills by friends in the entire game.
 D = Other kills in this place as a percentage of other kills in the entire game.
 E = Experience gained in this place as a percentage of experience gained in the entire game.
 F = Experience gained in this place divided by the number of levels of this place that you have seen.
                   A       B       C       D       E      F
               +-------+-------+-------+-------+-------+----------------------
         Total | 100.0 | 100.0 | 100.0 |   N/A | 100.0 | 307.0
       Dungeon |  97.3 |  97.2 | 100.0 |   N/A |  89.3 | 313.1
        Bailey |   2.7 |   2.8 |   0.0 |   N/A |  10.7 | 264.0
               +-------+-------+-------+-------+-------+----------------------

Table legend: (Time is in decaauts)
 A = Elapsed time spent in this place.
 B = Non-inter-level travel time spent in this place.
 C = Inter-level travel time spent in this place.
 D = Time resting spent in this place.
 E = Time spent auto-exploring this place.
 F = Levels seen in this place.
 G = Mean time per level.
                   A        B        C        D        E       F      G
               +--------+--------+--------+--------+--------+-----+--------+
         Total |   6462 |   6086 |    376 |    311 |   4627 |   8 |  807.8 |
       Dungeon |   6419 |   6043 |    376 |    311 |   4623 |   7 |  917.0 |
        Bailey |     43 |     43 |      0 |      0 |      4 |   1 |   43.0 |
               +--------+--------+--------+--------+--------+-----+--------+

Top non-repeatable levels by time:
     D:4: 1604 daAuts
     D:3: 1379 daAuts
     D:2: 1112 daAuts
     D:5: 952 daAuts
     D:1: 759 daAuts
     D:6: 401 daAuts
     D:7: 209 daAuts
  Bailey: 43 daAuts
